 Dungeon Crawl Stone Soup version 0.31.0-1-g2c135a008e (webtiles) character file.

Game seed: 16186571555952027892

823 qw the Shooter (level 8, -1/58 HPs)
             Began as a Djinni Hunter on Jan 24, 2024.
             Slain by Ijyb
             ... wielding a +0 club
              (4 damage)
             ... on level 5 of the Dungeon.
             The game lasted 00:00:18 (3972 turns).

qw the Shooter (Djinni Hunter)                      Turns: 3972, Time: 00:00:19

Health: -1/58      AC:  9    Str: 10    XL:     8   Next: 17%
Gold:   236        EV: 12    Int: 10    God:
                   SH:  0    Dex: 20

rFire   + + .        c - +0 orcbow
rCold   x . .        (shield currently unavailable)
rNeg    + . .        g - +0 ring mail
rPois   inf          (no helmet)
rElec   .            m - +1 cloak
rCorr   +            f - +1 pair of gloves
SInv    .            (boots unavailable)
Will    .....        (no amulet)
Stlth   +            e - ring of positive energy
HPRegen 0.29/turn    a - ring of resist corrosion
MPRegen 0.00/turn

%: infuse magic (-2 HP)
@: flying
A: sickness immunity, fire resistance 2, cold vulnerability 1, float, innate
caster, HP casting, extra vitality 1
a: no special abilities


You were on level 5 of the Dungeon.
You visited 1 branch of the dungeon, and saw 5 of its levels.

You collected 236 gold pieces.


Innate Abilities, Weirdness & Mutations

You are immune to sickness and miasma.
You are immune to poison.
Your flesh is very heat resistant. (rF++)
You are vulnerable to cold. (rC-)
You float through the air rather than walking.
You learn spells naturally, not from books.
Your magical power is your life essence.
You have superior vitality. (+4 MHP)


   Skills:
 - Level 4.0 Fighting
 + Level 6.4 Ranged Weapons
 - Level 2.4 Armour
 - Level 4.1 Dodging
 - Level 0.7 Stealth


You knew the following spells:

 Your Spells              Type           Power      Damage    Failure   Level
a - Necrotise             Necr           0%         1d4       67%         1
b - Searing Ray           Conj           0%         2d4       80%         2
c - Dazzling Flash        Conj/Hex       0%         N/A       95%         3
Your spell library was empty.

Inventory:

Hand Weapons
 c - a +0 orcbow (weapon)
Armour
 f - a +1 pair of gloves (worn)
 g - a +0 ring mail (worn)
 m - a +1 cloak (worn)
Jewellery
 a - a ring of resist corrosion (right hand)
 e - a ring of positive energy (left hand)
 h - a +5 ring of evasion
 i - a +4 ring of protection
Scrolls
 b - a scroll of identify
Potions
 d - a potion of enlightenment {unknown}

Dungeon Overview and Level Annotations

Branches:
Dungeon (5/15)
 Temple: D:4-7

Altars:
Cheibriados
Hepliaklqana
Makhleb

Annotations:
D:5 Ijyb


Message History

You shoot an arrow. The arrow misses Ijyb.
Ijyb zaps a wand.
You easily resist.
You shoot an arrow. The arrow hits Ijyb but does no damage.
Ijyb is lightly wounded.
An ogre comes into view. It is wielding a +0 giant club.
You shoot an arrow. The arrow closely misses Ijyb.
The ogre shouts!
You shoot an arrow. The arrow closely misses Ijyb.
A white imp comes into view.
You shoot an arrow. The arrow barely misses Ijyb.
Ijyb zaps a wand.
You suddenly lose the ability to move!
Ijyb hits you but does no damage. Ijyb hits you with a +0 club.
Ijyb zaps a wand.
You shrug off the repeated paralysis!
Ijyb zaps a wand.
You shrug off the repeated paralysis!
The ogre hits you with a +0 giant club! Ijyb hits you but does no damage.
You can move again.
You shoot an arrow. The arrow hits Ijyb.
Ijyb is lightly wounded.
The ogre barely misses you. Ijyb misses you. The white imp gestures at you.
The puff of frost hits you!
You feel a terrible chill!
You shoot an arrow. The arrow hits Ijyb.
Ijyb is lightly wounded.
Ijyb hits you with a +0 club. The ogre barely misses you.
The white imp barely misses you.
You shoot an arrow. The arrow hits Ijyb.
Ijyb is moderately wounded.
Ijyb hits you with a +0 club. The white imp closely misses you.
The ogre misses you. Ijyb hits you with a +0 club.
The white imp hits you but does no damage.
You shoot an arrow. The arrow hits Ijyb but does no damage.
Ijyb is moderately wounded.
Ijyb hits you with a +0 club. The white imp hits you.
The white imp freezes you!
You feel a terrible chill!
The ogre hits you with a +0 giant club!!
You shoot an arrow. The arrow closely misses Ijyb.
Ijyb hits you with a +0 club.
You die...

#........#.....#.......
#........#..)..'.......
##........#'#########+##
....#####...%......
....'...'..........
...#...#..........
#...#..>...|...
#...#..........
#..@#####+#....
#.5gO.....#####
..)..........
...............
...............
...##...####..# ...
#...# ..# .. ..... ..


You could see an ogre, Ijyb and a white imp.

Vanquished Creatures
  An ice beast (D:5)
  An ogre (D:5)
  A phantom (D:3)
  A bullfrog (D:4)
  A scorpion (D:4)
  2 hounds (D:5)
  A gnoll bouda (D:4)
  2 jellies (D:4)
  An iguana (D:4)
  2 orc wizards (D:4)
  8 gnolls (D:4)
  4 adders
  2 dart slugs
  10 orcs
  10 bats
  9 endoplasms
  5 giant cockroaches
  12 goblins
  7 hobgoblins
  3 jackals (D:2)
  10 kobolds
  4 quokkas
  8 ball pythons
  A frilled lizard (D:2)
  5 rats
111 creatures vanquished.

Notes
Turn   | Place    | Note
-------+----------+-------------------------------------------
     0 | D:1      | qw the Djinni Hunter began the quest for the Orb.
     0 | D:1      | Reached XP level 1. HP: 18/18 MP: 0/0
     0 | D:1      | 0 ||| qw: Version: 0.3-a-136-gdd3b4e8
     0 | D:1      | 0 ||| qw: Game counter: 1316
     0 | D:1      | 0 ||| qw: Melee chars always use a shield: true
     0 | D:1      | 0 ||| qw: God list: Okawaru
     0 | D:1      | 0 ||| qw: Allow faded altars: false
     0 | D:1      | 0 ||| qw: Do Orc after clearing Dungeon:15 true
     0 | D:1      | 0 ||| qw: Do second Lair branch before Depths: true
     0 | D:1      | 0 ||| qw: Lair rune preference: random
     0 | D:1      | 0 ||| qw: Goals: Normal
     0 | D:1      | 0 ||| PLANNING D:1-11
   125 | D:1      | Reached XP level 2. HP: 23/23 MP: 0/0
   313 | D:1      | Reached skill level 4 in Ranged Weapons
   313 | D:1      | Reached XP level 3. HP: 28/28 MP: 0/0
   313 | D:1      | Learned a level 1 spell: Necrotise
   805 | D:1      | 805 ||| UPGRADING to +0 ring mail.
   815 | D:1      | 815 ||| DROPPING +0 leather armour.
   816 | D:1      | 816 ||| UPGRADING to +0 cloak.
   821 | D:1      | 821 ||| UPGRADING to ring of positive energy.
   822 | D:1      | 822 ||| READING 2 scrolls labelled POUSAF TIATT.
   822 | D:1      | 822 ||| IDENTIFYING dark potion
   823 | D:1      | 823 ||| READING scroll of identify.
   823 | D:1      | 823 ||| IDENTIFYING black potion
   824 | D:1      | 824 ||| READING scroll labelled CYCVAA DIZXI.
   825 | D:1      | 825 ||| READING scroll labelled AVYLECR DOPPUNT.
   830 | D:1      | 830 ||| READING scroll labelled FONKAAMUAGA.
   830 | D:1      | 830 ||| ENCHANTING +0 cloak.
   831 | D:1      | 831 ||| DROPPING scroll of butterflies.
   832 | D:1      | 832 ||| DROPPING potion of invisibility.
   878 | D:2      | Reached skill level 1 in Armour
   913 | D:2      | Reached XP level 4. HP: 31/34 MP: 0/0
   975 | D:2      | 975 ||| READING scroll labelled MUNUAPS MIORUPN.
   984 | D:2      | 984 ||| FLEEEEING.
   985 | D:2      | 985 ||| FLEEEEING.
   987 | D:2      | 987 ||| FLEEEEING.
   989 | D:2      | 989 ||| STAIRDANCE
  1224 | D:2      | Reached skill level 3 in Fighting
  1702 | D:2      | 1702 ||| UPGRADING to +0 pair of gloves.
  1707 | D:2      | 1707 ||| READING scroll of identify.
  1707 | D:2      | 1707 ||| IDENTIFYING bubbling amethyst potion
  1708 | D:2      | 1708 ||| READING scroll labelled GAHULY WUSUR.
  1709 | D:2      | 1709 ||| READING scroll labelled IQIKOT GEUTYENG.
  1710 | D:2      | 1710 ||| READING scroll labelled YRODUOF WOFABA.
  1811 | D:2      | 1811 ||| READING scroll labelled AZEPSU HEMUDD.
  1812 | D:2      | 1812 ||| DROPPING potion of berserk rage.
  1831 | D:3      | 1831 ||| READING scroll of enchant armour.
  1831 | D:3      | 1831 ||| ENCHANTING +0 pair of gloves.
  2101 | D:3      | Noticed a phantom
  2112 | D:3      | Killed a phantom
  2113 | D:3      | Reached XP level 5. HP: 28/40 MP: 0/0
  2113 | D:3      | Learned a level 2 spell: Searing Ray
  2205 | D:3      | Reached skill level 5 in Ranged Weapons
  2553 | D:3      | Reached XP level 6. HP: 39/46 MP: 0/0
  2809 | D:4      | 2809 ||| SWAPPING to +0 orcbow.
  2810 | D:4      | 2810 ||| DROPPING +0 shortbow.
  2828 | D:4      | Reached skill level 3 in Dodging
  2967 | D:4      | Found a hazy altar of Hepliaklqana.
  3101 | D:4      | Found a burning altar of Makhleb.
  3137 | D:4      | Found a snail-covered altar of Cheibriados.
  3388 | D:4      | Reached XP level 7. HP: 44/52 MP: 0/0
  3388 | D:4      | Learned a level 3 spell: Dazzling Flash
  3394 | D:4      | 3394 ||| FLEEEEING.
  3397 | D:4      | 3397 ||| FLEEEEING.
  3398 | D:4      | 3398 ||| FLEEEEING.
  3399 | D:4      | 3399 ||| FLEEEEING.
  3578 | D:4      | 3578 ||| DRINKING smoky white potion.
  3611 | D:4      | HP: 13/52 [something (1)]
  3612 | D:4      | 3612 ||| DRINKING potion of heal wounds.
  3621 | D:4      | Reached skill level 6 in Ranged Weapons
  3740 | D:4      | 3740 ||| UPGRADING to ring of resist corrosion.
  3741 | D:4      | 3741 ||| READING 2 scrolls of identify.
  3741 | D:4      | 3741 ||| IDENTIFYING scroll labelled ROYXEHA VOEGE
  3742 | D:4      | 3742 ||| DROPPING scroll of blinking.
  3780 | D:5      | Entered Level 5 of the Dungeon
  3870 | D:5      | Reached XP level 8. HP: 55/58 MP: 0/0
  3957 | D:5      | Noticed Ijyb
  3963 | D:5      | Paralysed by Ijyb for 5 turns
  3971 | D:5      | HP: 2/58 [ogre/+0 giant club (20)]
  3972 | D:5      | Slain by Ijyb

Levels and vault maps discovered:
D:1:      minmay_arrival_shoal_huts, layout_basic, minmay_small_reverse_x
D:2:      kennysheep_the_goblin_king, layout_basic, minmay_surrounded
D:3:      kennysheep_big_flooded_room, layout_loops_ring, grunt_ministairs_8
D:4:      layout_cave_pods, kennysheep_little_box, cheibriados_altar_1,
          mainiacjoe_overflow_boulevard
D:5:      layout_gridville, hangedman_ru_absence, uniq_ijyb

Skill      XL: |  1  2  3  4  5  6  7 |
---------------+----------------------+-----
Ranged Weapons | 4 5 6 |  6.4
Armour         | 1 2 |  2.4
Fighting       | 3 4 |  4.0
Dodging        | 3 4 |  4.1
Stealth        | |  0.7

Action                     |  1- 3 |  4- 6 |  7- 9 || total
---------------------------+-------+-------+-------++-------
   Fire: Shortbow          |    98 |   127 |       ||   225
         Orcbow            |       |    50 |   101 ||   151
    Use: Scroll            |     5 |     7 |     1 ||    13
         Potion            |       |       |     2 ||     2
 Armour: Leather armour    |    20 |       |       ||    20
         Ring mail         |     6 |    74 |    81 ||   161
  Dodge: Dodged            |    28 |    72 |    73 ||   173

Table legend:
 A = Non-vault XP
 B = Vault XP
 C = Vault XP percentage of total XP
 D = Non-vault monster count
 E = Vault monster count
 F = Vault count percentage of total count
                 A         B        C        D         E       F
            +---------+---------+-------+---------+---------+-------
      Total |    1143 |      34 |   2.9 |      92 |      19 |  17.1
            +---------+---------+-------+---------+---------+-------
        D:1 |      37 |       8 |  17.8 |      21 |       4 |  16.0
        D:2 |      41 |      20 |  32.8 |      18 |      11 |  37.9
        D:3 |     164 |       6 |   3.5 |      23 |       4 |  14.8
        D:4 |     561 |       0 |   0.0 |      24 |       0 |   0.0
        D:5 |     340 |       0 |   0.0 |       6 |       0 |   0.0
            +---------+---------+-------+---------+---------+-------
